 Dungeon Crawl Stone Soup version 0.26-a0-660-gc07710193c (webtiles) character file.

Game seed: 7028971566949969791

5172 Baz the Jinx (level 10, -1/50 HPs)
             Began as a Vampire Enchanter on Oct 2, 2020.
             Was a Believer of Ru.
             Slain by a troll zombie (6 damage)
             ... on level 9 of the Dungeon on Oct 7, 2020.
             The game lasted 00:25:58 (11842 turns).

Baz the Jinx (Vampire Enchanter)                   Turns: 11842, Time: 00:25:59

Health: -1/50      AC:  5    Str:  8    XL:     10   Next: 34%
Magic:  17/17      EV: 13    Int: 19    God:    Ru [**....]
Gold:   410        SH:  0    Dex: 16    Spells: 10/22 levels left

rFire    . . .     SeeInvis +   a - +1 dagger
rCold    + + .     Faith    .   (no shield)
rNeg     + + +     Spirit   .   b - +0 robe
rPois    ∞         Reflect  .   m - +2 helmet
rElec    .         Harm     .   (no cloak)
rCorr    .         Rampage  .   (no gloves)
MR       +....                  (no boots)
Stlth    +++++++...             u - amulet of magic regeneration
HPRegen  0.00/turn              (no ring)
MPRegen  0.40/turn              (no ring)

@: lethally poisoned (-1 -> -1), no potions, bloodless
A: fangs 3, see invisible, low mp 1, unbreathing, inability to drink while
threatened
a: Bat Form, Revivify, Renounce Religion


You were on level 9 of the Dungeon.
You worshipped Ru.
Ru was pleased with you.
You visited 1 branch of the dungeon, and saw 9 of its levels.

You collected 410 gold pieces.

Inventory:

Hand Weapons
 a - a +1 dagger (weapon)
Missiles
 i - 40 poisoned darts (quivered)
Armour
 b - a +0 robe (worn)
 m - a +2 helmet (worn)
Jewellery
 r - an uncursed ring of stealth {unknown}
 u - an amulet of magic regeneration (around neck)
Wands
 w - a wand of acid (5)
Scrolls
 d - 2 scrolls of immolation
 e - 2 scrolls of fog
 j - 4 scrolls of teleportation
 k - 3 scrolls of amnesia
 l - 2 scrolls of fear
 n - a scroll of blinking {unknown}
 q - a scroll of enchant weapon
 s - a scroll of holy word
 t - a scroll of torment {unknown}
 v - 2 scrolls of noise {unknown}
Potions
 c - 3 potions of heal wounds {unknown}
 f - a potion of magic {unknown}
 g - 3 potions of curing {unknown}
 h - a potion of ambrosia {unknown}
 o - a potion of lignification {unknown}
 p - 3 potions of brilliance {unknown}
 x - a potion of degeneration {unknown}


   Skills:
 + Level 7.5 Short Blades
 - Level 2.1 Dodging
 + Level 11.4 Stealth
 + Level 6.5 Spellcasting
 * Level 13.9 Hexes


You had 10 spell levels left.
You knew the following spells:

 Your Spells              Type           Power        Failure   Level
a - Corona                Hex            ######.      1%          1
b - Ensorcelled Hibernat  Hex/Ice        ####..       1%          2
c - Confusing Touch       Hex            ######..     1%          3
d - Tukima's Dance        Hex            ######..     1%          3
e - Dazzling Flash        Conj/Hex       ####..       1%          3

Your spell library contained the following spells:

 Spells                   Type           Power        Failure   Level


Dungeon Overview and Level Annotations

Branches:
Dungeon (9/15)             Temple (0/1) D:5             Orc (0/2) D:9
   Lair: D:8-11

Altars:
Elyvilon
Kikubaaqudgha
Qazlal
Ru
Trog
Uskayaw
Wu Jian
Xom
Yredelemnul
Zin
The Shining One

Shops:
D:8 !*(


Innate Abilities, Weirdness & Mutations

You do not regenerate when monsters are visible.
You are frail without blood (-20% HP).
You can heal yourself when you bite living creatures.
You are immune to poison.
You have razor-sharp teeth.
You have supernaturally acute eyesight. (SInv)
Your magical capacity is low. (-10% MP)
You can survive without breathing.
You cannot drink potions while threatened.


Message History

You hit the troll zombie.
The troll zombie is severely damaged.
The troll zombie misses you. The troll zombie claws you!
* * * LOW HITPOINT WARNING * * *
The troll zombie barely misses you.
Unknown command.
You hit the troll zombie.
The troll zombie is almost destroyed.
Unknown command.
You hit the troll zombie.
The troll zombie is almost destroyed.
You hit the troll zombie.
The troll zombie is almost destroyed.
Unknown command.
You hit the troll zombie but do no damage.
The troll zombie is almost destroyed.
You hit the troll zombie.
The troll zombie is almost destroyed.
The troll zombie closely misses you. The troll zombie claws you.
You die...

.....#..........+_+...#
.....#######..###+###.###
.....# ##.# #.# #...+
.....# #.###.###..##
.....# #..........#
.....# #.#####.####
.....# #.......# .....#
#....#### # .....# #.÷.@#
.. .....# #...Z# .8.
.....# #....# .Z.Z .....#
#....# ..... ####.#
#....###...... #.#
#..........$..
#.#############.......W
#.#.........# #..8...>o
####.#.#######.#
##......W


You could see a troll zombie (confused).

Vanquished Creatures
  A queen ant (D:8)
  A vampire (D:9)
  4 soldier ants (D:8)
  A water moccasin (D:6)
  2 sky beasts
  An ice beast (D:8)
  An eye of draining (D:8)
  A phantom (D:7)
  2 black bears
  6 centaurs
  3 ogres
  3 bullfrogs
  A big kobold (D:8)
  5 killer bees
  A troll zombie (D:9)
  4 wights (D:7)
  A howler monkey (D:8)
  5 jellies
  2 orc priests
  A centaur skeleton (D:8)
  6 orc wizards
  A bullfrog skeleton (D:9)
  24 worker ants
  2 ogre zombies (D:9)
  A worker ant zombie (D:8)
  10 adders
  7 gnolls
  2 shadow imps
  3 white imps
  An ufetubus (D:5)
  2 oozes
  2 adder skeletons (D:6)
  6 worms
  2 dart slugs (D:1)
  5 leopard geckos
  21 orcs
  4 bats
  7 giant cockroaches
  7 goblins
  8 hobgoblins
  5 jackals
  12 kobolds
  A quokka (D:2)
  A ball python (D:2)
  A ball python zombie (D:5)
  5 frilled lizards
  3 goblin zombies (D:9)
  A hobgoblin zombie (D:9)
  A leopard gecko zombie (D:7)
  An orc skeleton (D:9)
  4 orc zombies (D:9)
  11 rats
213 creatures vanquished.

Vanquished Creatures (collateral kills)
  A two-headed ogre (D:8)
  An orc warrior (D:8)
  A leopard gecko (D:8)
3 creatures vanquished.

Vanquished Creatures (others)
  A giant cockroach (D:5)
1 creature vanquished.

Grand Total: 217 creatures vanquished

Notes
Turn   | Place    | Note
-------+----------+-------------------------------------------
     0 | D:1      | Baz the Vampire Enchanter began the quest for the Orb.
     0 | D:1      | Reached XP level 1. HP: 13/13 MP: 3/3
   162 | D:1      | Reached XP level 2. HP: 19/19 MP: 3/5
   305 | D:1      | Reached skill level 5 in Hexes
   337 | D:1      | Learned a level 2 spell: Ensorcelled Hibernation
   669 | D:1      | Reached XP level 3. HP: 23/24 MP: 1/6
  1319 | D:2      | Reached skill level 5 in Stealth
  1606 | D:2      | Reached XP level 4. HP: 29/30 MP: 3/7
  1649 | D:2      | Learned a level 3 spell: Confusing Touch
  1766 | D:2      | Upgraded the game from 0.26-a0-652-gafc20e3620 to
                  | 0.26-a0-660-gc07710193c
  2386 | D:2      | Reached skill level 6 in Hexes
  2492 | D:3      | Reached XP level 5. HP: 21/35 MP: 3/9
  2986 | D:3      | Found a stormy altar of Qazlal.
  3173 | D:3      | Found a glowing golden altar of the Shining One.
  3452 | D:4      | Noticed an ogre
  3467 | D:4      | Killed an ogre
  3467 | D:4      | Reached skill level 7 in Hexes
  3637 | D:4      | Reached XP level 6. HP: 41/41 MP: 5/10
  4181 | D:4      | Reached skill level 8 in Hexes
  4408 | D:4      | Learned a level 3 spell: Tukima's Dance
  4436 | D:5      | Entered Level 5 of the Dungeon
  4451 | D:5      | Noticed a sky beast
  4457 | D:5      | Killed a sky beast
  4457 | D:5      | Reached XP level 7. HP: 39/46 MP: 5/12
  4628 | D:5      | Found a sacrificial altar of Ru.
  4707 | D:5      | Became a worshipper of Ru the Awakened
  4874 | D:5      | Found a basalt altar of Yredelemnul.
  5253 | D:5      | Found a staircase to the Ecumenical Temple.
  5433 | D:6      | Reached skill level 9 in Hexes
  5855 | D:6      | Found a glowing silver altar of Zin.
  5858 | D:6      | Reached XP level 8. HP: 52/52 MP: 9/14
  5894 | D:6      | Noticed an angel
  5897 | D:6      | Found a shimmering altar of Xom.
  5962 | D:6      | Gained mutation: You cannot drink potions while threatened.
                  | [Ru sacrifice]
  5962 | D:6      | Reached * piety under Ru
  6382 | D:7      | Reached skill level 10 in Hexes
  6720 | D:7      | Reached skill level 5 in Short Blades
  7628 | D:7      | Reached skill level 11 in Hexes
  8024 | D:8      | Found an ancient bone altar of Kikubaaqudgha.
  8046 | D:8      | Found Bucwahan's Distillery.
  8351 | D:7      | Reached skill level 5 in Spellcasting
  8538 | D:8      | Found Gumuewic's General Store.
  8579 | D:8      | Noticed a two-headed ogre
  8640 | D:8      | Killed a two-headed ogre
  8640 | D:8      | Reached XP level 9. HP: 18/51 MP: 10/16
  8773 | D:8      | Found a bloodstained altar of Trog.
  9233 | D:8      | Reached skill level 12 in Hexes
  9313 | D:8      | Reached skill level 10 in Stealth
  9353 | D:8      | Noticed a queen ant
 10120 | D:8      | Killed a queen ant
 10120 | D:8      | Reached skill level 13 in Hexes
 10120 | D:8      | Reached XP level 10. HP: 26/50 MP: 8/19
 10263 | D:8      | Learned a level 3 spell: Dazzling Flash
 10627 | D:8      | Gained mutation: Your magical capacity is low. (-10% MP)
                  | [Ru sacrifice]
 10627 | D:8      | Reached ** piety under Ru
 10753 | D:8      | Found Daenorgh's Antique Weapon Shop.
 10761 | D:8      | Found an ornate altar of the Wu Jian Council.
 11197 | D:9      | Found a white marble altar of Elyvilon.
 11562 | D:9      | Found a hide-covered altar of Uskayaw.
 11633 | D:9      | Found a staircase to the Orcish Mines.
 11842 | D:9      | Slain by a troll zombie

Illustrated notes

Levels and vault maps discovered:
D:1:      onia_arrival_mini_spirals, layout_basic
D:2:      layout_basic
D:3:      layout_basic, marbit_many_paths, lemuel_coloured_pillars_altar,
          item_on_display_a
D:4:      layout_basic
D:5:      layout_basic, lemuel_round_altar, yredelemnul_altar_generic,
          minmay_temple_entry_junction
D:6:      layout_basic, grunt_temple_overflow_order_and_chaos_1
D:7:      layout_loops_corners
D:8:      layout_loops_ring, lightli_temple_of_fire, kennysheep_mini,
          nicolae_overflow_hidden_temple, serial_shops, nicolae_shop_trees,
          nicolae_shop_window_shopping, shop, minmay_another_anthill
D:9:      layout_basic, elyvilon_altar_3, lemuel_round_altar,
          lemuel_doored_altar, zombieorc2_lemuel, chequers_serial_rivers_small_b

Skill      XL: |  1  2  3  4  5  6  7  8  9 10 |
---------------+-------------------------------+-----
Hexes          | 5 6 7 8 9 11 13 | 13.9
Stealth        | 5 6 7 9 10 11 | 11.4
Short Blades   | 2 3 4 5 7 |  7.5
Spellcasting   | 3 4 5 6 |  6.5
Dodging        | |  2.1

Action                   |  1- 3 |  4- 6 |  7- 9 | 10-12 || total
-------------------------+-------+-------+-------+-------++-------
Melee: Dagger            |   101 |   113 |   254 |   120 ||   588
       Bite              |     7 |     4 |    22 |     6 ||    39
 Cast: Corona            |    10 |     1 |       |       ||    11
       Ensorcelled Hiber |    21 |    43 |    80 |    16 ||   160
       Confusing Touch   |       |     2 |    12 |     8 ||    22
       Tukima's Dance    |       |       |     4 |       ||     4
Invok: Sacrifice Drink   |       |       |     1 |       ||     1
       Sacrifice Essence |       |       |       |     1 ||     1
 Abil: Exsanguinate      |       |       |     2 |       ||     2
       Revivify          |       |       |     1 |       ||     1
  Use: Scroll            |       |       |     9 |       ||     9
 Stab: Sleeping          |    19 |    34 |    74 |    21 ||   148
       Confused          |       |     3 |    10 |     8 ||    21
       Invisible         |       |       |       |     1 ||     1
Armor: Robe              |     7 |    29 |    47 |    14 ||    97
Dodge: Dodged            |    59 |    64 |   155 |    34 ||   312

Table legend: (Time is in decaauts)
 A = Elapsed time spent in this place.
 B = Non-inter-level travel time spent in this place.
 C = Inter-level travel time spent in this place.
 D = Time resting spent in this place.
 E = Time spent auto-exploring this place.
 F = Levels seen in this place.
 G = Mean time per level.
                   A        B        C        D        E       F      G
               +--------+--------+--------+--------+--------+-----+--------+
         Total |  11724 |  11456 |    268 |   4561 |   4691 |   9 | 1302.7 |
       Dungeon |  11724 |  11456 |    268 |   4561 |   4691 |   9 | 1302.7 |
               +--------+--------+--------+--------+--------+-----+--------+

Top non-repeatable levels by time:
     D:7: 2966 daAuts
     D:8: 1649 daAuts
     D:1: 1316 daAuts
     D:4: 1133 daAuts
     D:2: 1033 daAuts
     D:5: 983 daAuts
     D:3: 931 daAuts
     D:6: 928 daAuts
     D:9: 781 daAuts
